 Dungeon Crawl Stone Soup version 0.31-a0-1300-gb6740aa4e6 (webtiles) character file.

Game seed: 4521158294289010276

137 Rennog the Trooper (level 5, 0/47 HPs)
             Began as a Gnoll Wanderer on Dec 18, 2023.
             Was a Believer of Wu Jian.
             Splashed by a jelly's acid (7 damage)
             ... on level 4 of the Dungeon.
             The game lasted 00:02:56 (1996 turns).

Rennog the Trooper (Gnoll Wanderer)                 Turns: 1996, Time: 00:02:57

Health: 0/47       AC: -1    Str: 12    XL:     5   Next: 20%
Magic:  9/9        EV: 11    Int:  9    God:    Wu Jian [**....]
Gold:   127        SH:  0    Dex: 15    Spells: 9/10 levels left

rFire   . . .        s - +1 dagger (elec)
rCold   . . .        (no shield)
rNeg    . . .        e - +0 leather armour
rPois   .            m - +0 helmet
rElec   .            v - +0 cloak
rCorr   .            i - +0 pair of gloves
SInv    .            (no boots)
Will    +....        (no amulet)
Stlth   +++          h - ring of willpower
HPRegen 0.27/turn    (no ring)
MPRegen 0.11/turn

%: no passive effects
@: corroded
A: fangs 1, strong nose, distributed training
a: Renounce Religion, Wall Jump


You were on level 4 of the Dungeon.
You worshipped Wu Jian.
Wu Jian was pleased with you.
You visited 1 branch of the dungeon, and saw 4 of its levels.

You collected 127 gold pieces.

Inventory:

Hand Weapons
 a - a +1 dagger
 s - a +1 dagger of electrocution (weapon)
Missiles
 b - an atropa-tipped dart (quivered)
 c - 2 datura-tipped darts
 k - 7 poisoned darts
Armour
 e - a +0 leather armour (worn)
 i - a +0 pair of gloves (worn)
 m - a +0 helmet (worn)
 v - a +0 cloak (worn)
 w - a +0 chain mail
Jewellery
 h - a ring of willpower (left hand)
Scrolls
 g - a scroll of revelation {unknown}
 l - 2 scrolls of vulnerability {unknown}
 o - 2 scrolls of amnesia {unknown}
 p - 3 scrolls of identify {unknown}
 r - a scroll of brand weapon {unknown}
 t - a scroll of fear {unknown}
 u - a scroll of blinking {unknown}
Potions
 d - 2 potions of attraction
 f - a potion of cancellation {unknown}
 j - a potion of resistance {unknown}
 n - a potion of ambrosia {unknown}
 q - 2 potions of berserk rage {unknown}


   Skills:
 + Level 6.7 Fighting
 + Level 1.4 Short Blades
 + Level 1.4 Long Blades
 + Level 1.4 Axes
 + Level 1.4 Maces & Flails
 + Level 1.4 Polearms
 + Level 1.4 Staves
 + Level 1.4 Ranged Weapons
 + Level 1.4 Throwing
 + Level 1.4 Armour
 + Level 1.4 Dodging
 + Level 6.1 Stealth
 + Level 1.4 Shields
 + Level 1.4 Unarmed Combat
 + Level 3.1 Spellcasting
 + Level 1.1 Conjurations
 + Level 1.1 Hexes
 + Level 3.9 Summonings
 + Level 1.1 Necromancy
 + Level 1.1 Translocations
 + Level 1.1 Transmutations
 + Level 1.1 Fire Magic
 + Level 1.1 Ice Magic
 + Level 1.1 Air Magic
 + Level 1.1 Earth Magic
 + Level 1.1 Poison Magic
 + Level 1.6 Invocations
 + Level 2.9 Evocations
 + Level 1.3 Shapeshifting


You had 9 spell levels left.
You knew the following spells:

 Your Spells              Type           Power      Damage    Failure   Level
a - Summon Small Mammal   Summ           32%        N/A       8%          1

Your spell library contained the following spells:

 Spells                   Type           Power      Damage    Failure   Level
 Ensorcelled Hibernation  Hex/Ice        6%         N/A       34%         2
 Jinxbite                 Hex            6%         N/A       34%         2
 Passwall                 Tmut/Erth      2%         N/A       34%         2
 Summon Guardian Golem    Hex/Summ       6%         N/A       36%         3
 Swiftness                Air            3%         N/A       56%         3


Dungeon Overview and Level Annotations

Branches:
Dungeon (3/15)

Altars:
Wu Jian
Xom


Innate Abilities, Weirdness & Mutations

You have very sharp teeth.
Your uncanny sense of smell can sniff out nearby items.
Your experience applies equally to all skills.


Message History

Your Earth Magic skill increases to level 1!
Your Poison Magic skill increases to level 1!
You have reached level 5!
Unknown command.
You closely miss the jackal.
You feel sick.
The jackal bites you but does no damage.
You hit the jackal. You bite the jackal, but do no damage.
The jackal is moderately wounded.
You feel sick.
You are no longer poisoned.
The jackal bites you.
You are too injured to fight recklessly!
You are too injured to fight recklessly!
You are too injured to fight recklessly!
You hit the jackal.
You kill the jackal!
The Council accepts your kill.
Things that are here:
a jackal corpse; a jackal corpse A jelly comes into view.
A jelly is nearby!
A jelly is nearby!
The jelly quivers.
You hit the jelly.
Your hands burn!
The jelly is lightly wounded.
The jelly hits you. The acid corrodes you!
You are splashed with acid!
* * * LOW HITPOINT WARNING * * *
You are too injured to fight recklessly!
Things that are here:
a jackal corpse; a jackal corpse The jelly attacks as it pursues you!
The jelly closely misses you.
You see here a jackal corpse.
The jelly attacks as it pursues you! The jelly closely misses you.
You spin and attack the jelly.
You hit the jelly.
Your hands burn!
* * * LOW HITPOINT WARNING * * *
The jelly is lightly wounded.
The jelly hits you.
* * * LOW HITPOINT WARNING * * *
The acid corrodes you!
You are splashed with acid!
You die...

#.## #.#.#.#.# #..### #...#.#.#
#....## #######.#.# #.
#.....####.........# #.
#...........####.### #.
#..........# #.#
##.#######.....$....# #.#
.......†........J...####.########
....?.†.........@................
.......†>..................)..###
............................#..#
....................####....##.##
..........####+###### #....##.)#
..........# ########.#
.###+###### #.# . ############.#
#.............


You could see a jelly.

Vanquished Creatures
  A scorpion (D:4)
  Jessica (D:2)
  2 dart slugs (D:4)
  An orc (D:4)
  7 endoplasms
  4 giant cockroaches
  6 hobgoblins
  6 jackals
  4 kobolds
  2 quokkas (D:2)
  2 ball pythons (D:1)
  A bat (D:2)
  3 frilled lizards
  2 rats
42 creatures vanquished.

Notes
Turn   | Place    | Note
-------+----------+-------------------------------------------
     0 | D:1      | Rennog the Gnoll Wanderer began the quest for the Orb.
     0 | D:1      | Rennog set off with the following items: a +1 dagger, an
                  | atropa-tipped dart, 2 datura-tipped darts, a potion of
                  | attraction, a +0 leather armour; and the following spell
                  | memorised: Summon Small Mammal; and the following spells
                  | available to memorise: Summon Guardian Golem.
     0 | D:1      | Reached XP level 1. HP: 23/23 MP: 4/4
   186 | D:1      | Reached XP level 2. HP: 29/29 MP: 5/5
   690 | D:1      | Found a faded altar of an unknown god.
   784 | D:1      | Prayed at the altar of an unknown god.
   784 | D:1      | Became a worshipper of the Wu Jian Council
   784 | D:1      | Reached * piety under Wu Jian
  1149 | D:2      | Reached XP level 3. HP: 31/35 MP: 7/7
  1177 | D:2      | Noticed Jessica
  1182 | D:2      | Killed Jessica
  1183 | D:2      | Reached skill level 1 in Short Blades
  1183 | D:2      | Reached skill level 1 in Long Blades
  1183 | D:2      | Reached skill level 1 in Axes
  1183 | D:2      | Reached skill level 1 in Maces & Flails
  1183 | D:2      | Reached skill level 1 in Polearms
  1183 | D:2      | Reached skill level 1 in Staves
  1183 | D:2      | Reached skill level 1 in Ranged Weapons
  1183 | D:2      | Reached skill level 1 in Throwing
  1183 | D:2      | Reached skill level 1 in Armour
  1183 | D:2      | Reached skill level 1 in Dodging
  1183 | D:2      | Reached skill level 1 in Shields
  1183 | D:2      | Reached skill level 1 in Unarmed Combat
  1183 | D:2      | Reached skill level 1 in Invocations
  1189 | D:2      | Got Jessica's Volume of Beguiling
  1269 | D:2      | Found a shimmering altar of Xom.
  1601 | D:3      | Reached XP level 4. HP: 41/41 MP: 8/8
  1656 | D:3      | You fall into a shaft and drop 1 floor!
  1680 | D:4      | Reached skill level 1 in Shapeshifting
  1945 | D:4      | Noticed a scorpion
  1948 | D:4      | Reached ** piety under Wu Jian
  1964 | D:4      | Killed a scorpion
  1965 | D:4      | Reached skill level 1 in Conjurations
  1965 | D:4      | Reached skill level 1 in Hexes
  1965 | D:4      | Reached skill level 1 in Necromancy
  1965 | D:4      | Reached skill level 1 in Translocations
  1965 | D:4      | Reached skill level 1 in Transmutations
  1965 | D:4      | Reached skill level 1 in Fire Magic
  1965 | D:4      | Reached skill level 1 in Ice Magic
  1965 | D:4      | Reached skill level 1 in Air Magic
  1965 | D:4      | Reached skill level 1 in Earth Magic
  1965 | D:4      | Reached skill level 1 in Poison Magic
  1965 | D:4      | Reached XP level 5. HP: 25/47 MP: 9/9
  1996 | D:4      | Splashed by a jelly's acid

Illustrated notes

Levels and vault maps discovered:
D:1:      lemuel_arrival_room, layout_basic, ebering_ecumenical_altar_webs,
          grunt_decor_resistance, chequers_serial_rivers_marsh
D:2:      layout_basic, basic_altar, kennysheep_jessica_study
D:3:      minmay_diamond_boxcup, layout_basic, uniq_ijyb, uniq_robin
D:4:      layout_basic, makhleb_blood_cavern_becter,
          nicolae_concentric_dashed_squares_mild

Skill      XL: |  1  2  3  4 |
---------------+-------------+-----
Short Blades   | 1 |  1.4
Long Blades    | 1 |  1.4
Axes           | 1 |  1.4
Maces & Flails | 1 |  1.4
Polearms       | 1 |  1.4
Staves         | 1 |  1.4
Ranged Weapons | 1 |  1.4
Throwing       | 1 |  1.4
Armour         | 1 |  1.4
Dodging        | 1 |  1.4
Stealth        | 6 |  6.1
Shields        | 1 |  1.4
Unarmed Combat | 1 |  1.4
Invocations    | 1 |  1.6
Shapeshifting  | 1 |  1.3
Spellcasting   | 3 |  3.1
Conjurations   | 1 |  1.1
Hexes          | 1 |  1.1
Necromancy     | 1 |  1.1
Translocations | 1 |  1.1
Transmutations | 1 |  1.1
Fire Magic     | 1 |  1.1
Ice Magic      | 1 |  1.1
Air Magic      | 1 |  1.1
Earth Magic    | 1 |  1.1
Poison Magic   | 1 |  1.1
Fighting       | |  6.7
Summonings     | |  3.9
Evocations     | |  2.9

Action                     |  1- 3 |  4- 6 || total
---------------------------+-------+-------++-------
  Melee: Dagger            |    72 |    51 ||   123
         Bite              |     3 |     5 ||     8
         Punch             |     1 |       ||     1
Ability: Lunge             |     5 |     3 ||     8
         Whirlwind         |       |     1 ||     1
   Stab: Sleeping          |    11 |     3 ||    14
 Armour: Leather armour    |    27 |    29 ||    56
  Dodge: Dodged            |    26 |    32 ||    58

Table legend: (Time is in decaauts)
 A = Elapsed time spent in this place.
 B = Non-inter-level travel time spent in this place.
 C = Inter-level travel time spent in this place.
 D = Time resting spent in this place.
 E = Time spent auto-exploring this place.
 F = Levels seen in this place.
 G = Mean time per level.
                   A        B        C        D        E       F      G
               +--------+--------+--------+--------+--------+-----+--------+
         Total |   1993 |   1913 |     80 |      0 |   1570 |   4 |  498.2 |
       Dungeon |   1993 |   1913 |     80 |      0 |   1570 |   4 |  498.2 |
               +--------+--------+--------+--------+--------+-----+--------+

Top non-repeatable levels by time:
     D:1: 912 daAuts
     D:2: 677 daAuts
     D:4: 336 daAuts
     D:3: 66 daAuts
